 Dungeon Crawl Stone Soup version 0.31-a0-844-gdc52ec4e09 (webtiles) character file.

Game seed: 16782903312110978043

211 arthad the Magician (level 5, -7/28 HPs)
             Began as a Deep Elf Earth Elementalist on Sept 30, 2023.
             Mangled by Pikel
             ... wielding a +2 whip of flaming
              (14 damage)
             ... on level 3 of the Dungeon.
             The game lasted 00:09:18 (2709 turns).

arthad the Magician (Deep Elf Earth Elementalist)   Turns: 2709, Time: 00:09:18

Health: -7/28      AC:  2    Str:  5    XL:     5   Next: 57%
Magic:  8/13       EV: 12    Int: 22    God:
Gold:   156        SH:  5    Dex: 15    Spells: 8/12 levels left

rFire   . . .        h - +1 whip (elec)
rCold   . . .        u - +1 buckler {rPois}
rNeg    . . .        a - +0 robe
rPois   +            (no helmet)
rElec   .            (no cloak)
rCorr   .            (no gloves)
SInv    .            (no boots)
Will    .....        f - amulet of regeneration
Stlth   +            (no ring)
HPRegen 1.04/turn    (no ring)
MPRegen 0.13/turn

%: no passive effects
@: silenced
A: no striking features
a: no special abilities


You were on level 3 of the Dungeon.
You visited 1 branch of the dungeon, and saw 4 of its levels.

You collected 156 gold pieces.

Inventory:

Hand Weapons
 h - a +1 whip of electrocution (weapon)
Armour
 a - a +0 robe (worn)
 u - a +1 buckler of poison resistance (worn)
Jewellery
 f - an amulet of regeneration (around neck)
Scrolls
 c - 2 scrolls of brand weapon
 d - a scroll of fear {unknown}
 e - a scroll of silence
 g - a scroll of noise {unknown}
 i - a scroll of poison {unknown}
 j - a scroll of enchant weapon {unknown}
 k - a scroll of immolation {unknown}
 m - 2 scrolls of fog {unknown}
 q - a scroll of torment {unknown}
 r - a scroll of teleportation {unknown}
 s - a scroll of identify {unknown}
 t - a scroll of revelation {unknown}
 v - a scroll of enchant armour {unknown}
Potions
 b - a potion of magic
 l - 2 potions of heal wounds {unknown}
 n - 2 potions of curing {unknown}
 o - 3 potions of ambrosia {unknown}
 p - a potion of might {unknown}


   Skills:
 + Level 0.8 Fighting
 + Level 0.2 Armour
 + Level 3.3 Dodging
 + Level 3.5 Stealth
 * Level 0.2 Shields
 * Level 4.2 Spellcasting
 * Level 2.0 Conjurations
 + Level 0.1 Summonings
 + Level 2.2 Transmutations
 * Level 4.2 Earth Magic


You had 8 spell levels left.
You knew the following spells:

 Your Spells              Type           Power      Damage    Failure   Level
a - Sandblast             Erth           46%        2d11      3%          1
b - Stone Arrow           Conj/Erth      36%        3d9       17%         3

Your spell library contained the following spells:

 Spells                   Type           Power      Damage    Failure   Level
 Passwall                 Tmut/Erth      15%        N/A       9%          2
 Wereblood                Tmut           14%        N/A       12%         2
 Sublimation of Blood     Necr           4%         N/A       30%         2
 Petrify                  Tmut/Erth      18%        N/A       47%         4
 Brom's Barrelling Bould  Conj/Erth      18%        2d4       50%         4
 Summon Hydra             Summ           2%         N/A       100%        7


Dungeon Overview and Level Annotations

Branches:
Dungeon (4/15)
 Temple: D:4-7

Altars:
Nemelex Xobeh
Wu Jian
Xom

Annotations:
D:3 Pikel
D:4 Edmund


Message History

A lemure, an ufetubus and an adder come into view.
Found a stone staircase leading down.
The adder hisses angrily.
The lemure attacks as it pursues you! The lemure hits you but does no damage.
The lemure attacks as it pursues you! The lemure misses you.
The blast of sand hits the lemure!
The lemure is heavily wounded.
The lemure barely misses you.
Edmund the Younger comes into view.
He is wielding a +1 flail of draining and wearing a +2 ring mail of cold resistance.
The lemure misses you.
The blast of sand hits the lemure!
The lemure is severely wounded.
The lemure hits you!
The blast of sand hits the lemure.
The lemure is almost dead.
The lemure barely misses you. The lemure hits you.
The lemure hits you but does no damage. The lemure barely misses you.
Pikel closely misses you. The lemure barely misses you.
Pikel closely misses you.
There is an escape hatch in the ceiling here.
Okay, then.
Okay, then.
The lemure misses you. You block Pikel's attack.
A mysterious force pulls you upwards. The hatch slams shut behind you.
As you read the scroll labelled KUG NATWORUE, it crumbles to dust.
It is a scroll of brand weapon.
Okay, then.
The lemure hits you! Pikel closely misses you. The lemure misses you.
As you read the scroll labelled FIL OS VOTS, it crumbles to dust.
A profound silence engulfs you.
It was a scroll of silence.
The lemure hits you but does no damage.
Pikel hits you with a +2 whip of flaming!
* * * LOW HITPOINT WARNING * * *
Pikel burns you.
* * * LOW HITPOINT WARNING * * *
You block the lemure's attack.
Magic scrolls do not work when you're silenced!
Pikel hits you with a +2 whip of flaming!
Ouch! That really hurt!
You die...

#### ##..###.....'........'..†
###########..##.....##.......##..
...........#.##..#####.########..
...........#..#.## #.# #..
...........##....# ###.### #..
...........####..# #.....# ###
...........####..###.....########
..............#......._..........
#########.....#5@###.....###.....
#.....+K5# #.....# #.....
#.....##.# ###.### ######
#####.#### #.# #####.# ##.#####
## #.....#######......# #.
#.######...#######)## #. #.#
#...# #..# #. #.# #...# ##.####.


You could see Pikel and 2 lemures.

Vanquished Creatures
  2 hounds
  5 adders
  4 worms
  2 dart slugs
  An orc (D:3)
  6 ball pythons
  6 bats
  10 endoplasms
  2 giant cockroaches
  9 goblins
  8 hobgoblins
  6 jackals
  5 quokkas
  13 frilled lizards
  3 kobolds
  3 rats
85 creatures vanquished.

Notes
Turn   | Place    | Note
-------+----------+-------------------------------------------
     0 | D:1      | arthad the Deep Elf Earth Elementalist began the quest for
                  | the Orb.
     0 | D:1      | Reached XP level 1. HP: 10/10 MP: 6/6
   107 | D:1      | Reached XP level 2. HP: 15/15 MP: 5/8
   373 | D:1      | Reached XP level 3. HP: 19/19 MP: 6/9
   463 | D:1      | Learned a level 3 spell: Stone Arrow
   962 | D:2      | Reached skill level 1 in Conjurations
  1010 | D:2      | Reached XP level 4. HP: 24/24 MP: 9/11
  1738 | D:3      | Found a shimmering altar of Xom.
  1798 | D:3      | Found a sparkling altar of Nemelex Xobeh.
  1994 | D:3      | Found an ornate altar of the Wu Jian Council.
  2012 | D:3      | Reached XP level 5. HP: 19/28 MP: 6/13
  2688 | D:4      | Noticed a lemure
  2692 | D:4      | Noticed Pikel
  2692 | D:4      | Noticed a lemure
  2695 | D:4      | Noticed a lemure
  2697 | D:4      | Noticed a lemure
  2700 | D:4      | Noticed Edmund
  2709 | D:3      | Mangled by Pikel

Illustrated notes

Levels and vault maps discovered:
D:1:      lemuel_arrival_rhombus, layout_rooms, serial_bayou,
          serial_bayou_pond_c, serial_bayou_pond_b, serial_bayou_lagoon_b,
          serial_bayou_lagoon_a, minmay_lizard_king
D:2:      layout_loops_ring, kennysheep_flooded_box, serial_bayou_pond_e,
          chequers_serial_rivers_small_b, kennysheep_another_room
D:3:      layout_basic, overflow_temple_1_default,
          nicolae_overflow_crystal_walls, lemuel_round_altar
D:4:      nicolae_BIG_FREAKIN_CUBE, layout_rooms,
          mainiacjoe_overflow_surrounded_room, nicolae_overflow_squiral,
          serial_aquarium, aquarium_bridge_square [aquarium_subvault_bridge,
          aquarium_subvault_window, aquarium_subvault_bridge,
          aquarium_subvault_wall], aquarium_bridge_long_joined
          [aquarium_subvault_wall, aquarium_subvault_wall,
          aquarium_subvault_bridge, aquarium_subvault_bridge,
          aquarium_subvault_wall, aquarium_subvault_bridge], aquarium_window_1,
          aquarium_window_fake, aquarium_window_corridor_2, aquarium_view_4,
          aquarium_view_2d, minmay_goblin_outpost, uniq_pikel, uniq_edmund,
          uniq_duvessa

Skill      XL: |  1  2  3  4  5 |
---------------+----------------+-----
Stealth        | 3 |  3.5
Conjurations   | 1 2 |  2.0
Dodging        | 3 |  3.3
Transmutations | 2 |  2.2
Earth Magic    | 4 |  4.2
Spellcasting   | 4 |  4.2
Fighting       | |  0.8
Armour         | |  0.2
Shields        | |  0.2
Summonings     | |  0.1

Action                     |  1- 3 |  4- 6 || total
---------------------------+-------+-------++-------
  Melee: Whip              |     1 |       ||     1
   Cast: Sandblast         |    52 |    60 ||   112
    Use: Scroll            |       |     2 ||     2
 Armour: Robe              |     4 |    14 ||    18
  Dodge: Dodged            |     1 |    20 ||    21
  Block: Buckler           |       |     3 ||     3

Table legend: (Time is in decaauts)
 A = Elapsed time spent in this place.
 B = Non-inter-level travel time spent in this place.
 C = Inter-level travel time spent in this place.
 D = Time resting spent in this place.
 E = Time spent auto-exploring this place.
 F = Levels seen in this place.
 G = Mean time per level.
                   A        B        C        D        E       F      G
               +--------+--------+--------+--------+--------+-----+--------+
         Total |   2790 |   2733 |     57 |      0 |   2306 |   4 |  697.5 |
       Dungeon |   2790 |   2733 |     57 |      0 |   2306 |   4 |  697.5 |
               +--------+--------+--------+--------+--------+-----+--------+

Top non-repeatable levels by time:
     D:3: 929 daAuts
     D:1: 883 daAuts
     D:2: 882 daAuts
     D:4: 94 daAuts
